 Dungeon Crawl Stone Soup version 0.30.2 (webtiles) character file.

Game seed: 3977337918494333241

1206 porpoise the Vexing (level 8, -14/61 HPs)
             Began as a Gnoll Hexslinger on Apr 7, 2024.
             Was an Initiate of Hepliaklqana.
             Demolished by an ogre
             ... wielding a +0 giant spiked club
              (19 damage)
             ... on level 6 of the Dungeon.
             The game lasted 00:15:10 (4862 turns).

porpoise the Vexing (Gnoll Hexslinger)              Turns: 4862, Time: 00:15:10

Health: -14/61     AC: 13    Str: 13    XL:     8   Next: 45%
Magic:  14/14      EV: 12    Int: 12    God:    Hepliaklqana [......]
Gold:   296        SH:  0    Dex: 12    Spells: 15/16 levels left

rFire   . . .        a - +1 sling
rCold   . . .        (no shield)
rNeg    . . .        w - +3 ring mail
rPois   .            y - +0 helmet
rElec   .            B - +0 cloak
rCorr   .            (no gloves)
SInv    .            t - +1 pair of boots {rampage}
Will    .....        (no amulet)
Stlth   ++           (no ring)
HPRegen 0.30/turn    (no ring)
MPRegen 0.14/turn

%: rampage
@: about to teleport
A: fangs 1, strong nose, distributed training
a: Renounce Religion


You were on level 6 of the Dungeon.
You worshipped Hepliaklqana.
Hepliaklqana was noncommittal.
You visited 2 branches of the dungeon, and saw 7 of its levels.

You collected 296 gold pieces.

Inventory:

Hand Weapons
 a - a +1 sling (weapon)
 b - a +0 short sword
 j - a +0 long sword
 F - a +0 trident
 G - a +0 shortbow
Missiles
 g - 6 poisoned darts
 r - 5 boomerangs
Armour
 t - a +1 pair of boots of rampaging (worn)
 w - a +3 ring mail (worn)
 y - a +0 helmet (worn)
 B - a +0 cloak (worn)
Magical Staves
 h - a staff of death
 D - a staff of cold
Jewellery
 u - a +6 ring of intelligence
 E - an amulet of guardian spirit
Wands
 C - a wand of paralysis (7)
Scrolls
 c - a scroll of enchant weapon {unknown}
 f - 4 scrolls of magic mapping
 i - a scroll of blinking
 l - a scroll of silence {unknown}
 m - a scroll of teleportation
 n - 3 scrolls of poison
 o - 2 scrolls of vulnerability
 p - 2 scrolls of amnesia
 s - a scroll of noise
 v - a scroll of enchant armour {unknown}
Potions
 d - a potion of mutation
 e - a potion of attraction
 k - 3 potions of brilliance
 q - a potion of ambrosia
 x - a potion of lignification
 z - a potion of resistance {unknown}
 A - a potion of might {unknown}


   Skills:
 + Level 4.3 Fighting
 + Level 3.4 Short Blades
 + Level 3.4 Long Blades
 + Level 3.4 Axes
 + Level 3.4 Maces & Flails
 + Level 3.4 Polearms
 + Level 3.4 Staves
 + Level 5.8 Ranged Weapons
 + Level 3.4 Throwing
 + Level 3.4 Armour
 + Level 5.8 Dodging
 + Level 3.4 Stealth
 + Level 3.4 Shields
 + Level 3.4 Unarmed Combat
 + Level 4.5 Spellcasting
 + Level 2.8 Conjurations
 + Level 6.2 Hexes
 + Level 2.8 Summonings
 + Level 2.8 Necromancy
 + Level 2.8 Translocations
 + Level 2.8 Transmutations
 + Level 2.8 Fire Magic
 + Level 2.8 Ice Magic
 + Level 2.8 Air Magic
 + Level 2.8 Earth Magic
 + Level 2.8 Poison Magic
 + Level 3.7 Invocations
 + Level 3.4 Evocations


You had 15 spell levels left.
You knew the following spells:

 Your Spells              Type           Power      Damage    Failure   Level
a - Slow                  Hex            68%        N/A       3%          1

Your spell library contained the following spells:

 Spells                   Type           Power      Damage    Failure   Level
 Beastly Appendage        Tmut           18%        N/A       14%         1
 Sting                    Tmut/Pois      36%        1d4       14%         1
 Poisonous Vapours        Pois/Air       18%        N/A       21%         2
 Wereblood                Tmut           9%         N/A       21%         2
 Inner Flame              Hex/Fire       13%        N/A       21%         3
 Portal Projectile        Hex/Tloc       26%        N/A       21%         3
 Cause Fear               Hex            8%         N/A       32%         4
 Spider Form              Tmut/Pois      9%         N/A       38%         3
 Olgreb's Toxic Radiance  Pois           9%         N/A       80%         4


Dungeon Overview and Level Annotations

Branches:
Dungeon (6/15)             Temple (1/1) D:5

Altars:
Ashenzari
Cheibriados
Dithmenos
Fedhas
Hepliaklqana
Kikubaaqudgha
Makhleb
Nemelex Xobeh
Okawaru
Qazlal
Ru
Trog
Uskayaw
Vehumet
Wu Jian
Yredelemnul
Zin
The Shining One


Innate Abilities, Weirdness & Mutations

You have very sharp teeth.
Your uncanny sense of smell can sniff out nearby items.
Your experience applies equally to all skills.


Message History

HP restored.
You open the door.
Found a chain mail.
There is an open door here.
Found 13 gold pieces.
You now have 296 gold pieces (gained 13).
You hear the slow rusting of a drain nearby.
A rat, 3 river rats and an ogre come into view.
The ogre shouts!
You hear a shout! x2
A rat comes into view.
An orc priest and an orc wizard come into view.
Found 7 gold pieces.
The orc priest shouts!
An ogre and an orc wizard come into view.
Found a potion of degeneration.
The orc wizard shouts!
You hear an angry hiss.
The orc priest invokes the aid of Beogh against you.
Beogh smites you!
There is an open door here.
The ogre closely misses you. The ogre barely misses you.
The orc priest calls down the wrath of Beogh upon you.
Beogh smites you!
The orc priest mumbles some strange prayers to Beogh against you.
Beogh smites you! The ogre attacks as you move away!
The ogre closely misses you. The ogre attacks as you move away!
The ogre hits you with a +0 giant spiked club!!
* * * LOW HITPOINT WARNING * * *
You see here a +0 chain mail.
There is an open door here.
The orc wizard casts a spell at you. You resist with some effort.
Okay, then.
As you read the scroll of teleportation, it crumbles to dust.
You feel strangely unstable. The ogre attacks as you move away!
The ogre barely misses you. The ogre attacks as you move away!
The ogre hits you with a +0 giant spiked club!!
You die...

,,,,*,*#..####.#...#......,,,**,,
,,,,,,,........#...#......,,,,,,,
,****,,.......<.........#**,,,,,,
,,,,,,*#........#.......# *,,,,,*
,,,,,,,....######††....)# *,,,,,,
,****,,......,,##.......##*,,,,,,
,***,,*#*.....,+..........+,,,,,,
,,,,,,,,,......###.>...####,,,,,,
>,,,,,,,,.......@O.........,,,,,,
,,,,,,,,,....#####'####...#,,,***
,****,,,,..,,*#...[o......#,,,,*
,,,,,,,,,...,*#...........#,,,,*
,,,,,,,,,....*#...........#,,,,**
,,,,,,,,,....##.........###,<,,,,
*******,,...............# *,,,*,,
,,,,,,,,,...............# *******
*,*,*,*,,..........########## *


You could see an ogre and an orc priest.

Vanquished Creatures
  Grinder (D:5)
  Sigmund (D:4)
  An ice beast (D:5)
  A black bear (D:5)
  A centaur (D:6)
  2 phantoms
  2 scorpions (D:5)
  3 hounds
  Jessica (D:2)
  An iguana (D:4)
  A sleepcap (D:4)
  7 adders
  A white imp (D:5)
  An ufetubus (D:5)
  2 worms
  2 dart slugs
  10 orcs
  6 ball pythons
  2 bats (D:3)
  10 endoplasms
  3 giant cockroaches
  A goblin (D:2)
  9 hobgoblins
  5 jackals
  2 quokkas
  5 frilled lizards
  8 kobolds
  8 rats
97 creatures vanquished.

Notes
Turn   | Place    | Note
-------+----------+-------------------------------------------
     0 | D:1      | porpoise the Gnoll Hexslinger began the quest for the Orb.
     0 | D:1      | Reached XP level 1. HP: 17/17 MP: 4/4
   124 | D:1      | Reached XP level 2. HP: 23/23 MP: 5/5
   395 | D:1      | Reached XP level 3. HP: 28/28 MP: 7/7
   955 | D:2      | Noticed Jessica
   960 | D:2      | Killed Jessica
   961 | D:2      | Reached skill level 1 in Short Blades
   961 | D:2      | Reached skill level 1 in Long Blades
   961 | D:2      | Reached skill level 1 in Axes
   961 | D:2      | Reached skill level 1 in Maces & Flails
   961 | D:2      | Reached skill level 1 in Polearms
   961 | D:2      | Reached skill level 1 in Staves
   961 | D:2      | Reached skill level 1 in Throwing
   961 | D:2      | Reached skill level 1 in Armour
   961 | D:2      | Reached skill level 1 in Stealth
   961 | D:2      | Reached skill level 1 in Shields
   961 | D:2      | Reached skill level 1 in Unarmed Combat
   961 | D:2      | Reached skill level 1 in Invocations
   961 | D:2      | Reached skill level 1 in Evocations
   961 | D:2      | Reached XP level 4. HP: 21/34 MP: 8/8
  1219 | D:2      | Reached skill level 1 in Conjurations
  1219 | D:2      | Reached skill level 1 in Summonings
  1219 | D:2      | Reached skill level 1 in Necromancy
  1219 | D:2      | Reached skill level 1 in Translocations
  1219 | D:2      | Reached skill level 1 in Transmutations
  1219 | D:2      | Reached skill level 1 in Fire Magic
  1219 | D:2      | Reached skill level 1 in Ice Magic
  1219 | D:2      | Reached skill level 1 in Air Magic
  1219 | D:2      | Reached skill level 1 in Earth Magic
  1219 | D:2      | Reached skill level 1 in Poison Magic
  1847 | D:3      | Found a radiant altar of Vehumet.
  1947 | D:3      | Reached XP level 5. HP: 40/40 MP: 9/9
  2638 | D:4      | Reached XP level 6. HP: 44/47 MP: 9/11
  2899 | D:4      | Noticed Sigmund
  2952 | D:4      | Killed Sigmund
  2953 | D:4      | Reached skill level 5 in Ranged Weapons
  2953 | D:4      | Reached skill level 5 in Dodging
  3125 | D:4      | Reached XP level 7. HP: 40/52 MP: 12/12
  3491 | D:5      | Entered Level 5 of the Dungeon
  3533 | D:5      | Found a staircase to the Ecumenical Temple.
  3656 | Temple   | Entered the Ecumenical Temple
  3903 | Temple   | Became a worshipper of Hepliaklqana the Forgotten
  3945 | D:5      | Noticed Grinder
  3979 | D:5      | Killed Grinder
  3980 | D:5      | Reached skill level 6 in Hexes
  3980 | D:5      | Reached XP level 8. HP: 6/60 MP: 14/14
  4862 | D:6      | Demolished by an ogre

Illustrated notes

Levels and vault maps discovered:
D:1:      dpeg_arrival_tiny_i, layout_loops_cross, nrook_uturn
D:2:      layout_basic, nrook_campfire, wad_floor_pattern_untrapped,
          uniq_jessica
D:3:      layout_loops_ring, mainiacjoe_overflow_surrounded_room,
          dreamdust_wishing_well, chequers_serial_rivers_micro_d,
          hangedman_decor_slide_cut, minmay_vboxes
D:4:      layout_basic, kennysheep_generic_room_15, uniq_sigmund
D:5:      layout_rooms, minmay_temple_entry_tees, uniq_grinder
D:6:      layout_basic, portal_sewer_entry_b, minmay_small_thing
Temple:   nicolae_temple_bog_church

Skill      XL: |  1  2  3  4  5  6  7 |
---------------+----------------------+-----
Short Blades   | 1 2 3 |  3.4
Long Blades    | 1 2 3 |  3.4
Axes           | 1 2 3 |  3.4
Maces & Flails | 1 2 3 |  3.4
Polearms       | 1 2 3 |  3.4
Staves         | 1 2 3 |  3.4
Throwing       | 1 2 3 |  3.4
Armour         | 1 2 3 |  3.4
Stealth        | 1 2 3 |  3.4
Shields        | 1 2 3 |  3.4
Unarmed Combat | 1 2 3 |  3.4
Invocations    | 1 2 3 |  3.7
Evocations     | 1 2 3 |  3.4
Spellcasting   | 3 4 |  4.5
Conjurations   | 1 2 |  2.8
Summonings     | 1 2 |  2.8
Necromancy     | 1 2 |  2.8
Translocations | 1 2 |  2.8
Transmutations | 1 2 |  2.8
Fire Magic     | 1 2 |  2.8
Ice Magic      | 1 2 |  2.8
Air Magic      | 1 2 |  2.8
Earth Magic    | 1 2 |  2.8
Poison Magic   | 1 2 |  2.8
Fighting       | 3 4 |  4.3
Ranged Weapons | 5 |  5.8
Dodging        | 5 |  5.8
Hexes          | 6 |  6.2

Action                     |  1- 3 |  4- 6 |  7- 9 || total
---------------------------+-------+-------+-------++-------
  Melee: Short sword       |       |    71 |     2 ||    73
         Bite              |       |     6 |       ||     6
         Punch             |       |     2 |       ||     2
   Fire: Sling             |    74 |   193 |   203 ||   470
  Evoke: Wand              |       |       |     1 ||     1
    Use: Scroll            |     3 |     6 |     5 ||    14
         Potion            |       |       |     2 ||     2
   Stab: Paralysed         |       |       |     2 ||     2
 Armour: Ring mail         |    10 |    64 |   132 ||   206
  Dodge: Dodged            |    13 |    86 |   192 ||   291
